 Dungeon Crawl Stone Soup version 0.32-a0-995-gb4a59205af (webtiles) character file.

Game seed: 7631385680353681483

2482 Cobbler the Skirmisher (level 9, -5/69 HPs)
             Began as a Coglin Hunter on Apr 22, 2024.
             Was a Priest of Okawaru.
             Slain by Psyche
             ... wielding a +4 dagger of distortion
              (6 damage)
             ... on level 7 of the Dungeon.
             The game lasted 00:32:02 (6994 turns).

Cobbler the Skirmisher (Coglin Hunter)              Turns: 6994, Time: 00:32:03

Health: -5/69      AC:  5    Str: 12    XL:     9   Next: 52%
Magic:  9/9        EV: 12    Int:  8    God:    Okawaru [***...]
Gold:   454        SH:  0    Dex: 22    Spells: 8/8 levels left

rFire   . . .        a - +2 sling {Jasleen}
rCold   + . .        d - +0 sling {Octavia}
rNeg    . . .        v - +2 robe {rC+}
rPois   .            (no helmet)
rElec   .            E - +0 cloak
rCorr   .            (no gloves)
SInv    .            (no boots)
Will    .....        (amulet unavailable)
Stlth   ++           (ring unavailable)
HPRegen 0.31/turn    (ring unavailable)
MPRegen 0.11/turn    (no gizmo)

%: no passive effects
@: no status effects
A: off-hand wielding, slow wielding, warmup strikes, no jewellery
a: Invent Gizmo, Renounce Religion, Heroism


You were on level 7 of the Dungeon.
You worshipped Okawaru.
Okawaru was most pleased with you.
You visited 2 branches of the dungeon, and saw 9 of its levels.

You collected 454 gold pieces.

Inventory:

Hand Weapons
 a - a +2 sling (weapon) {Jasleen}
 d - a +0 sling (offhand) {Octavia}
 y - a +0 orcbow
Missiles
 o - 6 poisoned darts
 w - a large rock
 C - 4 javelins
Armour
 c - a +0 leather armour
 f - a +0 scale mail
 v - a +2 robe of cold resistance (worn)
 E - a +0 cloak (worn)
Wands
 s - a wand of flame (66)
 t - a wand of iceblast (9)
Scrolls
 b - a scroll of butterflies
 e - a scroll of enchant armour {unknown}
 h - 2 scrolls of vulnerability {unknown}
 j - 2 scrolls of immolation
 m - a scroll of revelation {unknown}
 n - a scroll of fog {unknown}
 p - 3 scrolls of fear
 z - 2 scrolls of amnesia {unknown}
 B - a scroll of brand weapon {unknown}
 D - 3 scrolls of enchant weapon
Potions
 g - 3 potions of berserk rage
 i - a potion of lignification {unknown}
 k - 4 potions of curing
 l - 2 potions of might {unknown}
 q - a potion of mutation {unknown}
 r - 3 potions of heal wounds
 u - a potion of attraction {unknown}
 x - a potion of enlightenment {unknown}
 A - a potion of haste {unknown}


   Skills:
 + Level 5.7 Fighting
 + Level 10.6 Ranged Weapons
 + Level 1.7 Armour
 + Level 2.2 Dodging
 + Level 1.8 Stealth
 + Level 0.1 Evocations


You had 8 spell levels left.
You didn't know any spells.
Your spell library contained the following spells:

 Spells                   Type           Power      Damage    Failure   Level
 Frozen Ramparts          Ice            0%         1d1       78%         3
 Ozocubu's Armour         Ice            0%         N/A       78%         3
 Stone Arrow              Conj/Erth      0%         3d7       78%         3
 Olgreb's Toxic Radiance  Alch           0%         N/A       99%         4
 Alistair's Intoxication  Alch           0%         N/A       100%        5
 Borgnjor's Vile Clutch   Necr/Erth      0%         N/A       100%        5
 Metabolic Englaciation   Hex/Ice        0%         N/A       100%        5
 Eringya's Noxious Bog    Alch           0%         4d6       100%        6
 Permafrost Eruption      Ice/Erth       0%         2x4d1     100%        6
 Ozocubu's Refrigeration  Ice            0%         4d7       100%        7
 Discord                  Hex            0%         N/A       100%        8
 Lehudib's Crystal Spear  Conj/Erth      0%         10d2      100%        8
 Animate Armour           Summ/Erth      Unusable   N/A       N/A         4
 Summon Forest            Summ/Tloc      Unusable   N/A       N/A         5
 Monstrous Menagerie      Summ           Unusable   N/A       N/A         7
 Seismic Cannonade        Alch/Erth      Unusable   6d4       N/A         7
 Summon Hydra             Summ           Unusable   N/A       N/A         7

Dungeon Overview and Level Annotations

Branches:
Dungeon (8/15)             Temple (1/1) D:4
   Lair: D:8-11

Altars:
Fedhas
Gozag
Hepliaklqana
Okawaru
Ru
Uskayaw
Vehumet
Wu Jian
Xom
Yredelemnul
Zin
The Shining One

Shops:
D:2 *

Annotations:
D:8 3 runed translucent doors, Psyche; miscthings's ghost, novice DjCj


Innate Abilities, Weirdness & Mutations

You can wield a second weapon in your off-hand.
It takes a long time for you to wield or remove held weapons.
Your first few attacks do less damage.
You cannot equip rings or amulets.


Message History

The arrow barely misses you.
You hear a shout! x2
Something hits you but does no damage. Space warps horribly around you!
The orc warrior shoots an arrow.
The arrow hits you!
You hear some strange, mumbled words.
You climb upwards.
Reactivating autopickup.
There is a stone staircase leading down here.
Fire: a) +2 sling {Jasleen}
Press: ? - help, Shift-Dir - straight line You shoot a sling bullet. x2; Something hits you.
Deactivating autopickup; reactivate with Ctrl-A.
You blink.
Fire: a) +2 sling {Jasleen}
Press: ? - help, Shift-Dir - straight line You shoot a sling bullet. x2; Something hits you.
Space warps around you.
* * * LOW HITPOINT WARNING * * *
Fire: a) +2 sling {Jasleen}
Press: ? - help, Shift-Dir - straight line You shoot a sling bullet. x2; Something barely misses you.
Fire: a) +2 sling {Jasleen}
Press: ? - help, Shift-Dir - straight line You shoot a sling bullet. x2
You hear some strange, mumbled words.
A swirling arc of seething chaos appears!
An arc of chaos appears from out of thin air!
The arc of chaos hits you.
* * * LOW HITPOINT WARNING * * *
Fire: a) +2 sling {Jasleen}
Press: ? - help, Shift-Dir - straight line You shoot a sling bullet. x2; Something hits you.
* * * LOW HITPOINT WARNING * * *
Space warps around you.
* * * LOW HITPOINT WARNING * * *
Fire: a) +2 sling {Jasleen}
Press: ? - help, Shift-Dir - straight line You shoot a sling bullet. x2; Something hits you!
* * * LOW HITPOINT WARNING * * *
Space warps around you.
You die...

#............ #.###.#######
#.# #.# # ###
##.###.#######
#.############.............
#.).............###.#######
#.##########..#####.# # #.#
#>{..........# # #.#
##.@.######### # #)#
###.##### #
#.#########.....###########
#..........................
###############.###########
#..# ####### ##.# #......
##########.## #.#####
#...........# #.#####


There were no monsters in sight!

Vanquished Creatures
  2 wyverns (D:7)
  An acid dragon (D:7)
  A water moccasin (D:6)
  2 orc warriors
  A sky beast (D:7)
  An ice beast (D:5)
  A black bear (D:5)
  3 ogres
  A centaur (D:7)
  A phantom (D:5)
  A bullfrog (D:8)
  3 scorpions
  3 orc priests (D:5)
  3 hounds
  4 sleepcaps
  3 gnoll boudas
  3 iguanas
  5 orc wizards
  14 gnolls
  7 adders
  A shadow imp (D:6)
  3 dart slugs
  2 ribbon worms
  18 orcs
  3 ball pythons (D:1)
  7 bats
  9 endoplasms
  A giant cockroach (D:4)
  8 goblins
  7 hobgoblins
  2 jackals (D:3)
  3 quokkas
  A frilled lizard (D:1)
  5 kobolds
130 creatures vanquished.

Notes
Turn   | Place    | Note
-------+----------+-------------------------------------------
     0 | D:1      | Cobbler the Coglin Hunter began the quest for the Orb.
     0 | D:1      | Reached XP level 1. HP: 16/16 MP: 1/1
    42 | D:1      | Found a faded altar of an unknown god.
    96 | D:1      | Reached XP level 2. HP: 22/22 MP: 2/2
   111 | D:1      | Reached skill level 4 in Ranged Weapons
   277 | D:1      | Reached XP level 3. HP: 27/27 MP: 3/3
   671 | D:2      | Found Hefotien's General Store.
  1208 | D:3      | Reached XP level 4. HP: 31/33 MP: 4/4
  1318 | D:3      | Reached skill level 5 in Ranged Weapons
  2040 | D:4      | Noticed an ogre
  2044 | D:4      | Killed an ogre
  2045 | D:4      | Reached XP level 5. HP: 12/39 MP: 5/5
  2365 | D:4      | Found a staircase to the Ecumenical Temple.
  2375 | Temple   | Entered the Ecumenical Temple
  2412 | Temple   | Became a worshipper of Warmaster Okawaru
  2440 | D:4      | Noticed an ogre
  2446 | D:4      | Killed an ogre
  2447 | D:4      | Reached skill level 6 in Ranged Weapons
  2447 | D:4      | Reached XP level 6. HP: 47/47 MP: 6/6
  2684 | D:4      | Found a hazy altar of Hepliaklqana.
  2900 | D:5      | Entered Level 5 of the Dungeon
  2945 | D:5      | Reached skill level 1 in Armour
  3068 | D:5      | Reached * piety under Okawaru
  3087 | D:5      | Reached skill level 1 in Stealth
  3093 | D:5      | Reached XP level 7. HP: 52/52 MP: 7/7
  3160 | D:5      | Reached skill level 7 in Ranged Weapons
  3822 | D:5      | Reached ** piety under Okawaru
  3823 | D:5      | Reached skill level 8 in Ranged Weapons
  3823 | D:5      | Reached XP level 8. HP: 60/60 MP: 8/8
  4544 | D:6      | Reached skill level 9 in Ranged Weapons
  5208 | D:6      | Reached *** piety under Okawaru
  5344 | D:7      | Reached skill level 5 in Fighting
  5344 | D:7      | Reached XP level 9. HP: 55/68 MP: 9/9
  5512 | D:7      | Got the Codex of Icebound Company
  5896 | D:7      | Reached skill level 10 in Ranged Weapons
  6535 | D:8      | Found an opulent altar of Gozag.
  6606 | D:8      | Found a runed translucent gate.
  6606 | D:8      | Found a runed translucent gate.
  6607 | D:8      | Found a runed translucent gate.
  6609 | D:8      | Found an opulent altar of Gozag.
  6611 | D:8      | Noticed a gargoyle
  6614 | D:8      | Noticed miscthings's ghost (novice DjCj)
  6773 | D:8      | Noticed Psyche
  6994 | D:7      | HP: 1/69 [something (8)]
  6994 | D:7      | Slain by Psyche

Illustrated notes

Levels and vault maps discovered:
D:1:      amcnicky_arrival_abandoned_market, layout_basic,
          hellmonk_ecumenical_altar_arch_garden
D:2:      layout_loops_ring, serial_shops, shop
D:3:      layout_loops_corners
D:4:      layout_cave_pods, general_overflow_altar,
          minmay_temple_entry_offerings
D:5:      layout_loops_ring, minmay_misc_feat_secret_circle,
          nicolae_zen_rock_garden, patterned_corridor
D:6:      layout_loops_ring
D:7:      layout_basic, minmay_holes
D:8:      layout_rooms, nicolae_gozag_cash_rules_everything_around_me,
          ebering_ghost_gozag, uniq_psyche
Temple:   eino_wide_crystal_templ

Skill      XL: |  1  2  3  4  5  6  7  8  9 |
---------------+----------------------------+-----
Ranged Weapons | 4 5 6 8 9 10 | 10.6
Fighting       | 3 5 |  5.7
Armour         | 1 |  1.7
Stealth        | 1 |  1.8
Dodging        | 2 |  2.2
Evocations     | |  0.1

Action                     |  1- 3 |  4- 6 |  7- 9 || total
---------------------------+-------+-------+-------++-------
   Fire: Sling             |   176 |   190 |   572 ||   938
  Evoke: Wand              |       |       |     1 ||     1
    Use: Scroll            |       |     4 |     6 ||    10
         Potion            |       |       |     1 ||     1
 Armour: Scale mail        |    25 |    16 |       ||    41
         Leather armour    |       |     5 |    37 ||    42
         Robe              |       |       |    60 ||    60
  Dodge: Dodged            |    16 |     8 |    69 ||    93

Table legend: (Time is in decaauts)
 A = Elapsed time spent in this place.
 B = Non-inter-level travel time spent in this place.
 C = Inter-level travel time spent in this place.
 D = Time resting spent in this place.
 E = Time spent auto-exploring this place.
 F = Levels seen in this place.
 G = Mean time per level.
                   A        B        C        D        E       F      G
               +--------+--------+--------+--------+--------+-----+--------+
         Total |   7053 |   5809 |   1244 |   1133 |   2933 |   9 |  783.7 |
       Dungeon |   7000 |   5805 |   1195 |   1133 |   2933 |   8 |  875.0 |
        Temple |     52 |      3 |     49 |      0 |      0 |   1 |   52.0 |
               +--------+--------+--------+--------+--------+-----+--------+

Top non-repeatable levels by time:
     D:5: 1615 daAuts
     D:7: 1341 daAuts
     D:3: 918 daAuts
     D:6: 821 daAuts
     D:4: 818 daAuts
     D:1: 642 daAuts
     D:2: 532 daAuts
     D:8: 311 daAuts
  Temple: 52 daAuts
